 Dungeon Crawl Stone Soup version 0.29.0-13-gc9e81de378 (webtiles) character file.

Game seed: 15157684134966919735

29558 sleeves the Fighter (level 13, -2/119 HPs)
             Began as a Minotaur Brigand on Sept 9, 2022.
             Was a Believer of Ru.
             Slain by an apocalypse crab (17 damage)
             ... in a Gauntlet.
             The game lasted 00:37:54 (20822 turns).

sleeves the Fighter (Minotaur Brigand)             Turns: 20822, Time: 00:37:54

Health: -2/119     AC:  0    Str: 21    XL:     13   Next: 15%
Magic:  1/12       EV: 19    Int:  8    God:    Ru [**....]
Gold:   1075       SH:  5    Dex: 12    Spells: 12/12 levels left

rFire   . . .      SeeInvis .   (weapon currently unavailable)
rCold   . . .      Faith    .   (shield currently unavailable)
rNeg    . . .      Spirit   .   (body armour currently unavailable)
rPois   .          Reflect  +   (helmet currently unavailable)
rElec   .          Harm     .   (cloak currently unavailable)
rCorr   .          Rampage  .   (gloves currently unavailable)
Will    .....      NoTele   +   (boots currently unavailable)
Stlth   ++........              v - amulet of reflection
HPRegen 0.29/turn               (ring currently unavailable)
MPRegen 0.13/turn               (ring currently unavailable)

@: mighty, pig-form, on berserk cooldown, hasted and slowed, very quick
A: fast, no casting, small, (horns 2), hated by all, (retaliatory headbutt)
a: Renounce Religion


You were in a Gauntlet.
You worshipped Ru.
Ru was pleased with you.
You were a filthy swine.
You visited 4 branches of the dungeon, and saw 17 of its levels.
You also visited: Sewer and Gauntlet.

You collected 1075 gold pieces.

Inventory:

Hand Weapons
 a - a +2 whip of electrocution (melded)
   (You took it off Pikel on level 8 of the Dungeon)
 t - a +0 hand axe of electrocution
   (You took it off an orc on level 3 of the Dungeon)
Missiles
 d - 32 poisoned darts (quivered)
 e - 10 curare-tipped darts
 k - 2 boomerangs
 n - 6 atropa-tipped darts
 A - 7 javelins
 Q - 9 boomerangs of dispersal
Armour
 c - a +0 cloak (melded)
 f - a +2 pair of gloves of hurling (melded)
   (You found it in a Gauntlet)
 F - a +0 buckler (melded)
   (You found it on level 5 of the Dungeon)
 O - a +0 pair of boots (melded)
   (You found it on level 2 of the Lair of Beasts)
 Y - a +0 chain mail (melded)
   (You found it on level 1 of the Lair of Beasts)
Jewellery
 h - the ring "Medottio" {Wiz rC- Slay+2 SInv}
   (You found it in a Gauntlet)

   [ring of wizardry]

   It improves your spell success rate.
   Slay:      It affects your accuracy & damage with ranged weapons and melee
   (+2).
   rC:        It makes you vulnerable to cold.
   SInv:      It lets you see invisible.
 s - the ring "Casaappa" {Fire rElec}
   (You found it on level 3 of the Dungeon)

   [ring of fire]

   It enhances your fire magic.
   rF:        It protects you from fire.
   rC:        It makes you vulnerable to cold.
   rElec:     It insulates you from electricity.
 v - an amulet of reflection (around neck)
   (You took it off a hobgoblin on level 4 of the Dungeon)
 x - a ring of fire
   (You found it on level 4 of the Dungeon)
 H - a ring of protection from cold
   (You found it on level 6 of the Dungeon)
 K - a +4 ring of protection (melded)
   (You found it on level 3 of the Lair of Beasts)
 U - a ring of protection from cold
   (You found it on level 11 of the Dungeon)
 V - a ring of see invisible
   (You found it on level 11 of the Dungeon)
 W - a +4 ring of evasion (melded)
   (You took it off an orc wizard on level 11 of the Dungeon)
Wands
 D - a wand of digging (9)
   (You found it on level 5 of the Dungeon)
Scrolls
 b - a scroll of vulnerability
 i - 5 scrolls of fog
 p - 4 scrolls of brand weapon
 q - 2 scrolls of blinking
 r - 3 scrolls of amnesia
 u - 2 scrolls of poison {unknown}
 w - 3 scrolls of immolation
 y - a scroll of fear
 B - 4 scrolls of enchant weapon
 E - a scroll of enchant armour {unknown}
 I - a scroll of noise {unknown}
 L - 7 scrolls of teleportation
 M - a scroll of silence {unknown}
 Z - a scroll of torment {unknown}
Potions
 j - 6 potions of mutation
 l - a potion of ambrosia {unknown}
 m - a potion of invisibility {unknown}
 z - 4 potions of curing
 C - 4 potions of brilliance
 G - a potion of magic {unknown}
 J - a potion of resistance {unknown}
 N - a potion of attraction {unknown}
 P - 2 potions of lignification
Miscellaneous
 o - a phial of floods (inert)
   (You found it in a Gauntlet)


   Skills:
 + Level 12.6 Fighting
 - Level 2.1 Short Blades
 + Level 11.5 Axes
 + Level 9.6 Throwing
 + Level 12.2 Armour
 + Level 11.3 Dodging
 - Level 3.2 Stealth
 - Level 5.0 Shields


You had 12 spell levels left.
You didn't know any spells.
Your spell library contained the following spells:

 Spells                   Type           Power      Damage    Failure   Level
 Gell's Gravitas          Tloc           0%         N/A       78%         3
 Teleport Other           Tloc           0%         N/A       78%         3
 Dispersal                Tloc           0%         N/A       100%        6
 Summon Ice Beast         Ice/Summ       Unusable   N/A       N/A         4
 Summon Mana Viper        Hex/Summ       Unusable   N/A       N/A         5
 Monstrous Menagerie      Summ           Unusable   N/A       N/A         7

Dungeon Overview and Level Annotations

Branches:
Dungeon (11/15)            Temple (1/1) D:7            Lair (4/5) D:8
 Shoals (0/4) Lair:3        Snake (0/4) Lair:3          Orc (1/2) D:9
  Sewer (visited)         Gauntlet (1/1)
  Slime: Lair:4-5

Altars:
Ashenzari
Cheibriados
Dithmenos
Elyvilon
Gozag
Kikubaaqudgha
Makhleb
Nemelex Xobeh
Okawaru
Qazlal
Ru
Sif Muna
Trog
Uskayaw
Vehumet
Wu Jian
Xom
Zin
The Shining One

Shops:
D:5 :   D:9 [(

Annotations:
D:5 exclusion: 2 downstairs
D:8 3 runed translucent doors, nshep25's ghost, novice DrFE
Lair:1 exclusion: oklob plant
Lair:3 2 transporters, dang3rdave's ghost, journeyman DsCA Gauntlet 10 transporters


Innate Abilities, Weirdness & Mutations

You are a filthy swine.
You move quickly.
Your equipment is almost entirely melded.
You are incapable of wielding weapons or throwing items.
You cannot cast spells.
((You have a pair of horns on your head.))
You are hated by all.
((You reflexively headbutt those who attack you in melee.))


Message History

The elephant tramples something!
Something holds its ground!
You strike the helpless elephant from behind!
You hit the elephant but do no damage.
The elephant is severely wounded.
You hit the elephant. Lightning courses through the elephant!
You headbutt the elephant, but do no damage.
The elephant is almost dead.
You block the elephant's attack. The elephant barely misses you.
You hit the elephant.
You headbutt the elephant, but do no damage.
The elephant is almost dead.
The elephant barely misses you.
The elephant trunk-slaps you but does no damage.
You hit the elephant.
The elephant is almost dead.
The elephant tramples you.
* * * LOW HITPOINT WARNING * * *
You stumble backwards!
You completely miss the elephant.
You headbutt the elephant, but do no damage.
The elephant is almost dead.
You hit the elephant.
You kill the elephant!
You see here an elephant corpse.
You start resting.
You hear the loud beating of a very distant drum.
You start resting.
You hear the loud beating of a very distant drum.
You see here an elephant corpse.
You start resting.
You hear the loud beating of a very distant drum.
You start resting.
A wyvern comes into view.
You see here a cane toad corpse.
d - 33 poisoned darts (gained 1)
d - 35 poisoned darts (gained 2)
d - 36 poisoned darts (gained 1)
d - 38 poisoned darts (gained 2)
Found a scroll of teleportation.
d - 39 poisoned darts (gained 1)
d - 41 poisoned darts (gained 2)
Found 14 gold pieces.
You now have 1028 gold pieces (gained 20).
Found a jewelled silver wand.
L - 6 scrolls of teleportation (gained 1)
You now have 1042 gold pieces (gained 14).
Found a scroll labelled KEUHYK DYUTAS.
f - a wand of mindburst (5)
You hear the thunderous beating of a very distant drum.
Found a rapier.
A komodo dragon comes into view.
You see here a scroll labelled KEUHYK DYUTAS.
The komodo dragon hisses angrily.
You throw a poisoned dart.
The poisoned dart barely misses the komodo dragon.
You throw a poisoned dart.
The poisoned dart hits the komodo dragon!
The komodo dragon is poisoned.
You throw a poisoned dart.
The poisoned dart barely misses the komodo dragon.
You throw a poisoned dart.
The poisoned dart hits the komodo dragon!
The komodo dragon looks as sick as possible!
The komodo dragon is lightly wounded.
You throw a poisoned dart.
The poisoned dart hits the komodo dragon!
The komodo dragon looks as sick as possible!
The komodo dragon is lightly wounded.
You hit the komodo dragon but do no damage.
Your headbutt misses the komodo dragon.
The komodo dragon is moderately wounded.
You block the komodo dragon's attack.
You hit the komodo dragon.
The komodo dragon is moderately wounded.
The komodo dragon bites you but does no damage.
You hit the komodo dragon but do no damage.
Lightning courses through the komodo dragon!!
The komodo dragon is almost dead.
The komodo dragon bites you but does no damage.
The wyvern hisses angrily.
You hit the komodo dragon. You headbutt the komodo dragon.
You kill the komodo dragon!
The wyvern hisses menacingly.
You throw a poisoned dart.
The poisoned dart barely misses the wyvern.
You throw a poisoned dart. The poisoned dart hits the wyvern!
The wyvern is poisoned.
You throw a poisoned dart.
The poisoned dart barely misses the wyvern.
You throw a poisoned dart. The poisoned dart hits the wyvern!
The wyvern looks as sick as possible!
You block the wyvern's attack.
The wyvern bites you but does no damage.
You hit the wyvern.
You headbutt the wyvern, but do no damage.
The wyvern is severely wounded.
The wyvern misses you. You block the wyvern's attack.
You hit the wyvern. Lightning courses through the wyvern!!
You kill the wyvern!
You hear the thunderous beating of a very distant drum.
Found 22 gold pieces.
You now have 1064 gold pieces (gained 22).
Found a There-And-Back Book.
You pick up a There-And-Back Book and begin reading...
You add the spells Gell's Gravitas, Teleport Other and Dispersal to your library.
Found a scroll labelled KEUHYK DYUTAS.
Found a stone.
E - a scroll labelled KEUHYK DYUTAS You hear the deafening beating of a very distant drum.
Found a scroll labelled GUARUOKIKK.
Found a stone staircase leading down.
A bullfrog comes into view.
The bullfrog gives a loud, deep croak!
You closely miss the bullfrog. You block the bullfrog's attack.
You whack the bullfrog!
Lightning courses through the bullfrog!!
You kill the bullfrog!
There is a stone staircase leading down here.
Found a scroll labelled YCARGH YROIGU.
You hear the deafening beating of a very distant drum.
Found a sling.
You see here a +0 sling.
Found 3 stones and a scroll of teleportation.
Found 28 gold pieces.
L - 7 scrolls of teleportation (gained 1)
Found a scroll of fog.
You hear the deafening beating of a drum very nearby.
Found a scroll of identify.
Found a gate leading to a gauntlet.
i - 5 scrolls of fog (gained 1)
Your pack is full.
You see here a scroll of identify.
Your pack is full.
You see here a scroll of identify.
As you read the scroll of identify, it crumbles to dust.
y - 3 scrolls of fear Ru believes you are ready to make a new sacrifice.
Okay, then.
Okay, then.
Do you really want to reject the sacrifices Ru is offering? [Y]es or [N]o only, please.
Do you really want to reject the sacrifices Ru is offering?
Ru will take longer to evaluate your readiness.
You drop a condenser vane.
You drop a tin of tremorstones (2/2).
You drop 3 scrolls of magic mapping.
Unknown command.
Okay, then.
You hear the deafening beating of a drum.
There is a gate leading to a gauntlet here.
Beware, the minotaur awaits!
The world spins around you as you enter the gateway.
You enter a gauntlet!
The nature of this place prevents you from teleporting.
Found a gate leading back out of this place.
Found two transporters.
There is an empty arch of ancient stone here.
The yak bellows!
Found two transporters.
The yak bellows!
Found a leather armour.
The hornet buzzes angrily.
You hear an angry buzzing noise.
Key pressed, stopping explore.
Key pressed, stopping explore.
The wolf howls!
The wolf howls!
The flying skull gives a hideous shriek! x2
Key pressed, stopping explore.
The wolf howls!
The flying skull gives a hideous shriek! x2
Key pressed, stopping explore.
The flying skull gives a hideous shriek!
Key pressed, stopping explore.
Key pressed, stopping explore.
Key pressed, stopping explore.
The shadow imp shouts, "Give up, thou villainous milk-livered meatball!"
Key pressed, stopping explore.
Key pressed, stopping explore.
The white imp shouts! x2
Key pressed, stopping explore.
Key pressed, stopping explore.
Found two transporters.
Key pressed, stopping explore.
Key pressed, stopping explore.
The white imp shouts!
Key pressed, stopping explore.
Found a gate leading back out of this place.
Key pressed, stopping explore.
The white imp picks up a beetle and eats it.
Key pressed, stopping explore.
Key pressed, stopping explore.
The white imp summons a swarm of flies.
Key pressed, stopping explore.
Key pressed, stopping explore.
Found a transporter.
Key pressed, stopping explore.
Key pressed, stopping explore.
Key pressed, stopping explore.
The shadow imp shouts, "Scamper away, thou mangled dizzy-eyed reprobate!"
Key pressed, stopping explore.
Key pressed, stopping explore.
Key pressed, stopping explore.
The wizard mumbles some strange words.
The wizard glows brightly for a moment.
The wizard shouts, "You are history!"
Key pressed, stopping explore.
Key pressed, stopping explore.
The white imp grins evilly.
Key pressed, stopping explore.
The shadow imp sputters.
The wizard shouts, "You are history!"
Key pressed, stopping explore.
Key pressed, stopping explore.
Key pressed, stopping explore.
Key pressed, stopping explore.
Found a transporter.
Key pressed, stopping explore.
Key pressed, stopping explore.
Key pressed, stopping explore.
The wizard becomes larger for a moment.
Key pressed, stopping explore.
Key pressed, stopping explore.
The wizard mumbles some strange words.
The wizard's hands start to glow.
Key pressed, stopping explore.
Key pressed, stopping explore.
Key pressed, stopping explore.
Key pressed, stopping explore.
Key pressed, stopping explore.
Key pressed, stopping explore.
Key pressed, stopping explore.
The yak bellows!
You hear a bellow! x2
Key pressed, stopping explore.
Key pressed, stopping explore.
The yak bellows!
Key pressed, stopping explore.
Key pressed, stopping explore.
Key pressed, stopping explore.
Found a transporter.
Key pressed, stopping explore.
Key pressed, stopping explore.
Key pressed, stopping explore.
Key pressed, stopping explore.
Key pressed, stopping explore.
The hornet buzzes angrily.
Key pressed, stopping explore.
The hornet buzzes angrily.
Key pressed, stopping explore.
Key pressed, stopping explore.
The moth of wrath angrily waves its antennae.
Key pressed, stopping explore.
Key pressed, stopping explore.
Key pressed, stopping explore.
Key pressed, stopping explore.
Key pressed, stopping explore.
Key pressed, stopping explore.
Key pressed, stopping explore.
Key pressed, stopping explore.
The torpor snail briefly extends its eye-stalks.
Key pressed, stopping explore.
There is a transporter here.
Key pressed, stopping explore.
Key pressed, stopping explore.
Key pressed, stopping explore.
Key pressed, stopping explore.
Key pressed, stopping explore.
Key pressed, stopping explore.
Key pressed, stopping explore.
Key pressed, stopping explore.
Found a transporter.
Key pressed, stopping explore.
Key pressed, stopping explore.
The acid dragon roars!
The tarantella changes into a troll!
The acid dragon changes into a centaur!
Key pressed, stopping explore.
Found a transporter.
Key pressed, stopping explore.
Found a transporter.
Key pressed, stopping explore.
Key pressed, stopping explore.
Key pressed, stopping explore.
The wolf howls!
Key pressed, stopping explore.
Key pressed, stopping explore.
Key pressed, stopping explore.
Key pressed, stopping explore.
The raiju changes into a golden eye!
Key pressed, stopping explore.
Key pressed, stopping explore.
Key pressed, stopping explore.
The yak bellows!
The yak bellows!
The torpor snail briefly extends its eye-stalks.
Key pressed, stopping explore.
Key pressed, stopping explore.
Key pressed, stopping explore.
Key pressed, stopping explore.
Key pressed, stopping explore.
Key pressed, stopping explore.
Key pressed, stopping explore.
Key pressed, stopping explore.
Key pressed, stopping explore.
Key pressed, stopping explore.
Key pressed, stopping explore.
Found a transporter.
Key pressed, stopping explore.
Key pressed, stopping explore.
Found a transporter.
Key pressed, stopping explore.
The boggart shouts!
Key pressed, stopping explore.
Key pressed, stopping explore.
Found a transporter.
Key pressed, stopping explore.
Found a transporter.
The white imp shouts!
The white imp shouts, "Away with thee, thou cockered dread-bolted joithead!"
Key pressed, stopping explore.
The wizard shouts!
You hear a shout!
Key pressed, stopping explore.
Key pressed, stopping explore.
The white imp shouts!
Key pressed, stopping explore.
Partly explored, unvisited transporter.
Partly explored, unvisited transporter.
Partly explored, unvisited transporter.
Partly explored, unvisited transporter.
Partly explored, unvisited transporter.
Partly explored, unvisited transporter.
Partly explored, unvisited transporter.
Partly explored, unvisited transporter.
Partly explored, unvisited transporter.
Partly explored, unvisited transporter.
Partly explored, unvisited transporter.
Partly explored, unvisited transporter.
Partly explored, unvisited transporter.
Partly explored, unvisited transporter.
Partly explored, unvisited transporter.
Partly explored, unvisited transporter.
Partly explored, unvisited transporter.
Partly explored, unvisited transporter.
Partly explored, unvisited transporter.
Partly explored, unvisited transporter.
Partly explored, unvisited transporter.
The wizard becomes larger for a moment.
The white imp shouts, "Escape, thou froward roguish cud-chewer!"
The hornet buzzes angrily.
The yak bellows!
The yak bellows!
You hear a bellow! x2
There is a transporter here.
The moth of wrath's fur bristles in rage as it notices you.
The wolf howls!
You hear a howl!
The moth of wrath angrily waves its antennae.
The wolf howls!
The flying skull gives a hideous shriek! x2
Unknown command.
Why would you want to do that?
There is a transporter here.
You enter the transporter and appear at another place.
Being near the torpor snail leaves you feeling lethargic.
The torpor snail briefly extends its eye-stalks.
You see here a +1 helmet of see invisible.
J - a +1 helmet of see invisible The yak barely misses you.
There is a transporter here.
You barely miss the yak. The yak attacks as you move away!
You block the yak's attack.
The torpor snail attacks as you move away!
The torpor snail barely misses you. You furiously retaliate!
You headbutt the torpor snail! You block the yak's attack.
You see here 11 gold pieces.
You whack the yak!
The yak is moderately wounded.
The yak closely misses you.
You hit the yak but do no damage.
The yak is moderately wounded.
You block the yak's attack.
You hit the yak. You headbutt the yak.
The yak is moderately wounded.
The yak closely misses you. You furiously retaliate!
You headbutt the yak. You closely miss the yak. Your headbutt misses the yak.
The yak is heavily wounded.
The yak gores you but does no damage.
You hit the yak.
The yak is heavily wounded.
The yak misses you. You block the yak's attack.
You hit the yak.
The yak is severely wounded.
The yak misses you.
You hit the yak.
The yak is severely wounded.
You block the yak's attack.
You barely miss the yak. You headbutt the yak!
The yak is almost dead.
The yak closely misses you.
You barely miss the yak. You headbutt the yak.
You kill the yak!
You hit the yak. Lightning courses through the yak!
The yak is severely wounded.
You redirect the yak's attack!
The yak gores the torpor snail.
The yak gores you but does no damage.
You hit the yak. You headbutt the yak, but do no damage.
The yak is severely wounded.
The yak closely misses you. You furiously retaliate!
You headbutt the yak, but do no damage. You hit the yak.
The yak is almost dead.
The yak gores you but does no damage.
You whack the yak!
You kill the yak!
You hit the torpor snail.
Lightning courses through the torpor snail!
The torpor snail is moderately wounded.
The torpor snail bites you.
You hit the torpor snail but do no damage.
The torpor snail is moderately wounded.
You block the torpor snail's attack.
You hit the torpor snail.
The torpor snail is moderately wounded.
The torpor snail bites you but does no damage.
You hit the torpor snail but do no damage.
The torpor snail is moderately wounded.
You hit the torpor snail.
Lightning courses through the torpor snail!!
The torpor snail is severely wounded.
The torpor snail bites you!
You hit the torpor snail.
The torpor snail is almost dead.
The torpor snail barely misses you.
You hit the torpor snail.
Lightning courses through the torpor snail!
You kill the torpor snail!
You feel yourself speed up.
The yak bellows!
You hit the yak.
The yak is lightly wounded.
You block the yak's attack.
You hit the yak. You headbutt the yak!
The yak is moderately wounded.
The yak is stunned by your conviction and fails to attack.
You hit the yak. You headbutt the yak!
The yak is almost dead.
You hit the yak but do no damage.
The yak is almost dead.
The yak barely misses you.
You hit the yak but do no damage.
The yak is almost dead.
The yak gores you but does no damage.
You barely miss the yak.
The yak is almost dead.
The yak is stunned by your conviction and fails to attack.
You barely miss the yak. You headbutt the yak.
The yak is almost dead.
The yak closely misses you. You furiously retaliate!
You headbutt the yak, but do no damage. You barely miss the yak.
You headbutt the yak, but do no damage.
The yak is almost dead.
The yak gores you.
You hit the yak. Lightning courses through the yak!!
You kill the yak!
You hit the yak. Lightning courses through the yak!
The yak is heavily wounded.
You hit the yak.
The yak is heavily wounded.
The yak barely misses you. You furiously retaliate!
You headbutt the yak, but do no damage. You hit the yak but do no damage.
The yak is heavily wounded.
You block the yak's attack.
You hit the yak but do no damage. You headbutt the yak, but do no damage.
The yak is heavily wounded.
The yak barely misses you.
You hit the yak.
The yak is heavily wounded.
You barely miss the yak.
The yak is heavily wounded.
You redirect the yak's attack!
The yak barely misses itself.
You barely miss the yak.
The yak is heavily wounded.
You block the yak's attack.
You whack the yak!
The yak is severely wounded.
The yak closely misses you.
You hit the yak but do no damage.
The yak is severely wounded.
You hit the yak.
The yak is almost dead.
The yak gores you but does no damage.
You hit the yak.
The yak is almost dead.
The yak closely misses you. You furiously retaliate!
You headbutt the yak.
You kill the yak!
No target in view!
No target in view!
No target in view!
No target in view!
No target in view!
No target in view!
No target in view!
No target in view!
No target in view!
No target in view!
No target in view!
No target in view!
No target in view!
No target in view!
Things that are here:
a yak corpse; a yak corpse; a yak corpse
There is a transporter here.
Things that are here:
a yak corpse; a yak corpse; a yak corpse You now have 1075 gold pieces (gained 11).
Things that are here:
a yak corpse; a yak corpse; a yak corpse
There is a transporter here.
There is a transporter here.
You enter the transporter and appear at another place.
You drop a +1 helmet of see invisible.
You start resting.
The wolf howls! x2
The moth of wrath's fur bristles in rage as it notices you.
The wolf howls!
The black bear changes into a spriggan!
You start resting.
The spriggan changes into a komodo dragon!
There is a transporter here.
You start resting.
The komodo dragon changes into a spriggan!
You start resting.
The broodmother's many legs skitter.
The spriggan changes into a golden eye!
Press: ? - help, v - describe, . - travel
Here: a broodmother (fire blocked by a translucent stone wall)
The floor.
Unknown command.
Unknown command.
Press: ? - help, v - describe, . - travel
Here: a broodmother (fire blocked by a translucent stone wall)
The floor.
Unknown command.
Unknown command.
Unknown command.
Okay, then.
Unknown command.
Unknown command.
Unknown command.
Unknown command.
Unknown command.
Unknown command.
Unknown command.
You enter the transporter and appear at another place.
The broodmother bites you!
A spider bursts forth from the wound!
The broodmother bites you!!
A spider bursts forth from the wound!
Throw: 10 darts (curare)
Press: ? - help, Q - select action, (/) - cycle Shift-Dir - straight line, f - broodmother
Aim: a broodmother (85% to hit)
You throw a curare-tipped dart.
The curare-tipped dart hits the broodmother.
The broodmother is poisoned.
The broodmother convulses.
The broodmother seems to slow down.
The broodmother is lightly wounded.
You feel much better. The broodmother misses you.
You block the redback's attack. x2
Unknown command.
Unknown command.
Unknown command.
Unknown command.
Aiming: Paralyse
Press: ? - help, Shift-Dir - straight line, f/p - broodmother
Aim: a broodmother (lightly wounded, very poisoned, slow, chance to affect: 17%)
Okay, then.
As you read the scroll of fear, it crumbles to dust.
You assume a fearsome visage.
The broodmother looks frightened!
The golden eye resists with some effort.
The redback looks frightened! x2
The golden eye blinks at you.
You are confused.
Cornered, the redback turns to fight!
The golden eye blinks at you. You resist with some effort.
The redback bites you.
You see here a curare-tipped dart.
You bump into the rock wall.
The golden eye blinks at you.
You are more confused.
The redback closely misses you. x2
The golden eye blinks at you.
You are more confused.
You barely miss the golden eye. Your headbutt misses the golden eye.
The redback bites you but does no damage.
The golden eye blinks at you.
You are more confused.
You barely miss the golden eye. Your headbutt misses the golden eye.
The redback bites you.
The golden eye blinks!
The redback attacks as you move away! The redback barely misses you.
The golden eye turns its gaze towards you.
Cornered, the redback turns to fight!
The redback bites you.
The golden eye changes into a warg!
You're too confused to move!
The redback barely misses you. x3
The broodmother is no longer moving slowly.
Okay, then.
The warg changes into a raiju!
The redback bites you but does no damage.
The broodmother summons spiders!
You hit the redback. Your headbutt misses the redback.
The redback is lightly wounded.
The redback closely misses you.
You bump into the rock wall.
The redback bites you! The redback closely misses you.
You feel better.
You hit the broodmother but do no damage.
You headbutt the broodmother!
The broodmother is lightly wounded.
You hit the broodmother.
The broodmother is lightly wounded.
You block the broodmother's attack.
You hit the broodmother.
Lightning courses through the broodmother!!
The broodmother is moderately wounded.
The broodmother bites you!!
The redback is stunned by your conviction and fails to attack.
As you read the scroll of fear, it crumbles to dust.
You assume a fearsome visage.
The broodmother looks frightened!
The raiju looks frightened!
The redback looks frightened!
You completely miss the tarantella. The wolf spider misses you.
You furiously retaliate!
You headbutt the wolf spider! You block the wolf spider's attack.
The tarantella touches you!
You are confused.
You feel better. The wolf spider barely misses you.
You block the wolf spider's attack.
Cornered, the redback turns to fight!
You block the wolf spider's attack. x2
Okay, then.
Okay, then.
Okay, then.
Aiming: Paralyse
Press: ? - help, Shift-Dir - straight line, f - wolf spider, p - broodmother
Aim: a wolf spider (lightly wounded, summoned, chance to affect: 49%)
The wolf spider resists with some effort.
The broodmother looks more healthy.
The redback closely misses you. You block the wolf spider's attack.
The wolf spider bites you.
Aiming: Paralyse
Press: ? - help, Shift-Dir - straight line, f/p - wolf spider
Aim: a wolf spider (lightly wounded, summoned, chance to affect: 49%)
The wolf spider resists with some effort.
The redback misses you. You furiously retaliate!
You headbutt the redback! The wolf spider barely misses you.
You furiously retaliate!
You headbutt the wolf spider. You block the wolf spider's attack.
The redback bites you.
The broodmother begins to attack, but is stunned by your conviction!
The wolf spider closely misses you. You block the wolf spider's attack.
Cornered, the raiju turns to fight!
Blink to where?
Press: ? - help, Dir - move target, p - wolf spider
As you read the scroll of blinking, it crumbles to dust.
The raiju misses you. You furiously retaliate!
You headbutt the raiju, but do no damage.
Cornered, the broodmother turns to fight!
The raiju misses you. You block the raiju's attack.
The raiju attacks as you move away! You block the raiju's attack.
You see here a black potion.
Press: ? - help, v - describe, . - travel, g - get item Item here: a pair of runed gloves.
The floor.
It was a potion of cancellation.
You feel magically purged. You block the redback's attack.
It was a potion of flight.
You feel very buoyant.
You fly up into the air.
The redback bites you but does no damage.
It was a potion of brilliance.
You feel clever all of a sudden. The wolf spider hits you!
* * * LOW HITPOINT WARNING * * *
You block the wolf spider's attack.
It was a potion of lignification.
You turn into a tree.
Your +0 cloak melds into your body.
Your +0 pair of gloves melds into your body.
Your +0 pair of boots melds into your body.
Your +0 chain mail melds into your body.
Your roots penetrate the ground.
The wolf spider barely misses you.
The wolf spider bites you but does no damage.
The wolf spider hits you!
* * * LOW HITPOINT WARNING * * *
The wolf spider bites you but does no damage.
Okay, then.
Aiming: Paralyse
Press: ? - help, Shift-Dir - straight line, f - wolf spider
Aim: a wolf spider (lightly wounded, summoned, chance to affect: 49%)
The wolf spider resists with some effort.
The now-empty wand crumbles to dust.
The wolf spider hits you.
* * * LOW HITPOINT WARNING * * *
You block the wolf spider's attack.
You don't have any such object.
Evoke which item? (* to show all) (? for menu, Esc to quit)
Okay, then.
Aiming: Mindburst
Press: ? - help, Shift-Dir - straight line, f/p - wolf spider
Aim: a wolf spider (lightly wounded, summoned, chance to affect: 64%)
The wolf spider struggles to resist.
The wolf spider hits you but does no damage.
The wolf spider bites you but does no damage.
Aiming: Mindburst
Press: ? - help, Shift-Dir - straight line, f/p - wolf spider
Aim: a wolf spider (lightly wounded, summoned, chance to affect: 64%)
The broodmother's mind is blasted!
Aiming: Mindburst
Press: ? - help, Shift-Dir - straight line, f/p - wolf spider
Aim: a wolf spider (lightly wounded, summoned, chance to affect: 64%)
The broodmother's mind is blasted!
You block the broodmother's attack.
Aiming: Mindburst
Press: ? - help, Shift-Dir - straight line, f - broodmother, p - wolf spider
Aim: a broodmother (heavily wounded, chance to affect: 29%)
The broodmother's mind is blasted!
The broodmother bites you but does no damage.
Aiming: Mindburst
Press: ? - help, Shift-Dir - straight line, f/p - broodmother
Aim: a broodmother (heavily wounded, chance to affect: 29%)
The broodmother's mind is blasted!!
The now-empty wand crumbles to dust.
The broodmother begins to attack, but is stunned by your conviction!
The broodmother bites you but does no damage.
You don't have any such object.
Evoke which item? (* to show all) (? for menu, Esc to quit)
That's the wrong kind of item! (Use * to select it.) Evoke which item? (* to show all) (? for menu, Esc to quit)
Okay, then.
Unknown command.
Okay, then.
You hit the broodmother.
Lightning courses through the broodmother!
The broodmother is severely wounded.
You whack the broodmother!
The broodmother is almost dead.
The raiju changes into a harpy!
You block the broodmother's attack.
You whack the broodmother!
The broodmother is almost dead.
You block the broodmother's attack.
You hit the broodmother but do no damage.
The broodmother is almost dead.
The broodmother summons spiders!
You hit the broodmother but do no damage.
Lightning courses through the broodmother!
The broodmother is almost dead.
The redback bites you but does no damage.
You whack the broodmother!
The broodmother is almost dead.
The broodmother bites you!
* * * LOW HITPOINT WARNING * * *
A spider bursts forth from the wound!
The redback bites you but does no damage.
You hit the broodmother.
You kill the broodmother!
The redback disappears in a puff of smoke!
The tarantella disappears in a puff of smoke!
The wolf spider disappears in a puff of smoke!
The redback disappears in a puff of smoke! x2
The harpy claws you but does no damage. x2
You barely miss the harpy.
The harpy claws you but does no damage. x2
You block the harpy's attack. The harpy claws you but does no damage.
You hit the harpy but do no damage. The harpy claws you.
* * * LOW HITPOINT WARNING * * *
The harpy claws you but does no damage.
You cannot move.
You start resting.
You block the harpy's attack. The harpy claws you but does no damage.
You closely miss the harpy. The harpy claws you!
* * * LOW HITPOINT WARNING * * *
The harpy claws you but does no damage. x2; The harpy completely misses you.
You hit the harpy but do no damage. Lightning courses through the harpy!
The harpy is moderately wounded.
The harpy claws you but does no damage. You block the harpy's attack.
The harpy claws you but does no damage. x2
You hit the harpy but do no damage.
The harpy is moderately wounded.
The harpy claws you.
* * * LOW HITPOINT WARNING * * *
You block the harpy's attack.
You hit the harpy.
The harpy is moderately wounded.
You block the harpy's attack. The harpy claws you but does no damage.
A harpy is nearby!
Throw: 32 darts (poison)
Press: ? - help, Q - select action, (/) - cycle Shift-Dir - straight line, f - harpy
Aim: a harpy shaped shifter (moderately wounded, 68% to hit)
You throw a poisoned dart. The poisoned dart hits the harpy.
The harpy is moderately wounded.
The harpy claws you but does no damage. The harpy claws you.
* * * LOW HITPOINT WARNING * * *
You whack the harpy! Lightning courses through the harpy!
The harpy is almost dead.
You block the harpy's attack. The harpy completely misses you.
Throw: 31 darts (poison)
Press: ? - help, Q - select action, (/) - cycle Shift-Dir - straight line, f/p - harpy
Aim: a harpy shaped shifter (almost dead, 68% to hit)
You throw a poisoned dart. The poisoned dart hits the harpy.
The harpy is almost dead.
The harpy claws you but does no damage. x2
You barely miss the harpy.
The harpy is almost dead.
The harpy is stunned by your conviction and fails to attack.
You block the harpy's attack. The harpy claws you but does no damage.
You start resting.
The harpy claws you but does no damage. You block the harpy's attack.
A harpy is nearby!
You whack the harpy! Lightning courses through the harpy!
You kill the harpy!
You start resting.
Your transformation is almost over.
You feel a little less clever now.
You start resting.
You feel less wooden.
Your +0 cloak unmelds from your body.
Your +0 pair of gloves unmelds from your body.
Your +0 pair of boots unmelds from your body.
Your +0 chain mail unmelds from your body.
You start resting.
C - 4 potions of brilliance (gained 1)
d - 32 poisoned darts (gained 2)
e - 10 curare-tipped darts (gained 1)
You start resting.
There is a transporter here.
You start resting.
HP restored.
The wolf howls!
You hear a howl! x2
You see here a +2 pair of gloves of hurling.
f - a +2 pair of gloves of hurling You start removing your armour.
You continue taking off your +0 pair of gloves. x4
You finish taking off your +0 pair of gloves.
You start putting on your armour.
You continue putting on your +2 pair of gloves of hurling. x5
You finish putting on your +2 pair of gloves of hurling.
You feel that your aim is more steady.
You drop a +0 pair of gloves.
There is a transporter here.
You enter the transporter and appear at another place.
The wolf stops to sniff the ground.
The moth of wrath's fur bristles in rage as it notices you.
There is a transporter here.
You enter the transporter and appear at another place.
The apocalypse crab breathes chaos at you.
The blast of chaos misses you.
You are engulfed in seething chaos.
You are slowing down.
Unknown command.
Unknown command.
The apocalypse crab breathes chaos at you.
The blast of chaos engulfs you but does no damage.
Your limbs are stiffening.
Unknown command.
Unknown command.
Unknown command.
You have turned to stone.
The apocalypse crab breathes chaos at you.
The blast of chaos engulfs you!
You turn into a filthy swine.
Your +2 whip of electrocution melds into your body.
Your +0 cloak melds into your body.
Your +2 pair of gloves of hurling melds into your body.
Your +0 pair of boots melds into your body.
Your +0 buckler melds into your body.
Your +0 chain mail melds into your body.
Your +4 ring of protection melds into your body.
Your +4 ring of evasion melds into your body.
Your +2 whip of electrocution stops crackling.
Your aim is not that steady anymore.
You are engulfed in seething chaos. x2
A red film seems to cover your vision as you go berserk!
You feel yourself moving faster!
You feel mighty!
The apocalypse crab is engulfed in seething chaos.
The apocalypse crab suddenly seems more agile.
The apocalypse crab bites you. The apocalypse crab freezes you!!
The apocalypse crab claws you. The apocalypse crab shocks you!
The apocalypse crab bites you. The apocalypse crab freezes you!
The apocalypse crab claws you! The apocalypse crab freezes you!
The apocalypse crab bites you. The apocalypse crab freezes you!
The apocalypse crab claws you! The apocalypse crab shocks you!
The apocalypse crab bites you!
You are confused.
The apocalypse crab claws you! Space warps around you.
The apocalypse crab bites you! The apocalypse crab freezes you!
The apocalypse crab claws you! You resist with almost no effort.
The apocalypse crab is stunned by your conviction and fails to attack.
You turn to flesh and can move again.
There is a transporter landing site here.
Unknown command.
Unknown command.
Unknown command.
Unknown command.
Unknown command.
Unknown command.
Unknown command.
Unknown command.
Unknown command.
Unknown command.
Unknown command.
Unknown command.
Unknown command.
Unknown command.
Unknown command.
You feel a strong urge to attack something.
The apocalypse crab breathes chaos at you.
The blast of chaos engulfs you.
You feel your anger nearly subside.
You are engulfed in seething chaos.
You are no longer berserk.
You are exhausted.
You feel yourself slow down.
Okay, then.
You bump into the stone wall.
You are engulfed in seething chaos.
You fade into invisibility!
You feel less confused.
You see here the ring "Medottio" {Wiz rC- Slay+2 SInv}.
h - the ring "Medottio" {Wiz rC- Slay+2 SInv}
There is a transporter here.
You flicker for a moment.
o - a phial of floods The wizard shouts!
You hear a shout!
There are no items here.
You see here a sedimented yellow potion.
J - a sedimented yellow potion You flicker back into view.
The white imp shouts, "Take thy face hence, thou fawning bat-fowling pot-faker!"
Something bites you.
Deactivating autopickup; reactivate with Ctrl-A.
You feel yourself speed up. Something closely misses you.
There is a transporter here.
You enter the transporter and appear at another place.
Something bites you!
* * * LOW HITPOINT WARNING * * *
You are engulfed in flames!
* * * LOW HITPOINT WARNING * * *
Something claws you!
* * * LOW HITPOINT WARNING * * *
You are engulfed in flames!
* * * LOW HITPOINT WARNING * * *
You hit something but do no damage.
You feel much better. Something bites you!
* * * LOW HITPOINT WARNING * * *
Something shocks you!
* * * LOW HITPOINT WARNING * * *
Something claws you.
* * * LOW HITPOINT WARNING * * *
You feel your power leaking away.
You feel much better.
You can't wear that in your present form.
Okay, then.
Okay, then.
Okay, then.
Okay, then.
Aim the phial where?
Press: ? - help, Shift-Dir - straight line The torrent of water hits something.
The wave splashes down.
You hear a bellow!
Something shouts, "Remove thy stench, thou mammering earth-vexing gnoll-tail!"
A blast of chaos appears from out of thin air!
The blast of chaos engulfs you.
* * * LOW HITPOINT WARNING * * *
You feel better.
You are engulfed in seething chaos.
Something bites you!
* * * LOW HITPOINT WARNING * * *
You are engulfed in flames!
* * * LOW HITPOINT WARNING * * *
Something claws you.
* * * LOW HITPOINT WARNING * * *
Something shocks you!
* * * LOW HITPOINT WARNING * * *
You feel much better.
You are engulfed in seething chaos.
Something bites you.
* * * LOW HITPOINT WARNING * * *
Something claws you!
* * * LOW HITPOINT WARNING * * *
You feel your power leaking away.
* * * LOW MAGIC WARNING * * *
You feel much better. Something closely misses you.
You block something's attack.
Okay, then.
Okay, then.
Aiming: Dig
Press: ? - help, Shift-Dir - straight line Digging in that direction won't affect any walls.
A translucent stone wall.
Okay, then.
Unknown command.
Unknown command.
Unknown command.
Unknown command.
Unknown command.
Unknown command.
You closely miss something. You closely miss something. Something bites you!
* * * LOW HITPOINT WARNING * * *
You feel very mighty all of a sudden. Something misses you.
You hit something but do no damage. You block something's attack.
Something barely misses you.
You feel better. Something bites you.
* * * LOW HITPOINT WARNING * * *
You are engulfed in flames!
* * * LOW HITPOINT WARNING * * *
Something claws you.
* * * LOW HITPOINT WARNING * * *
Something freezes you!
You die...

.# .# #####.###.## #≈..........
## 8.8.8.8.8.8 #8#
...............
##########~#########.######
#≈.......#{#..≈∩≈..#.#.....
###........#h#.......#©#.....
#8#..###########...##########
###..##.......##...#.........
#....#.#.....#.#...#.##... #5
###....#..#...#..#...#p#.# #.#5
#8#..###...#.#...#...#$.##.##.5
###..#©#...©#...©#...#©.#.55#..
#..#.#...#.#...#...#55##.##.p
###..#.#..#...#..#...#=#.#.#.#5


There were no monsters in sight!

Vanquished Creatures
  A broodmother (shapeshifter) (Gauntlet)
  2 hydras
  Pikel (D:8)
  A harpy (shapeshifter) (Gauntlet)
  A lindwurm (Lair:3)
  A cyclops (D:11)
  2 merfolk sirens (Lair:3)
  3 black mambas (Lair:2)
  6 elephants (Lair:4)
  8 cane toads
  A torpor snail (Gauntlet)
  A gargoyle (D:10)
  A rime drake (Lair:2)
  10 komodo dragons
  3 trolls
  A hornet (D:10)
  16 blink frogs
  A shadow (D:10)
  Sigmund (D:2)
  2 wraiths
  2 vampires
  31 yaks
  2 basilisks (D:8)
  6 wyverns
  A steam dragon (D:8)
  12 water moccasins
  5 orc warriors
  Pargi (Sewer)
  A sky beast (D:7)
  5 black bears
  An ogre (D:5)
  5 wolves
  4 centaurs
  4 kobold brigands
  12 bullfrogs
  A necrophage (D:7)
  3 scorpions
  9 killer bees
  2 howler monkeys (D:11)
  A vampire bat (Lair:1)
  An electric eel (Lair:3)
  5 hounds
  3 orc priests
  3 jellies
  A gnoll bouda (D:4)
  17 iguanas
  11 orc wizards
  2 hell rats (Lair:3)
  Terence (D:3)
  8 gnolls
  5 adders
  2 river rats (Lair:3)
  A shadow imp (D:5)
  2 white imps
  A worm (D:5)
  2 dart slugs
  40 orcs
  11 bats
  5 endoplasms
  9 giant cockroaches
  6 goblins
  2 hobgoblins
  2 jackals (D:2)
  24 kobolds
  9 quokkas
  7 ball pythons
  18 frilled lizards
  12 rats
381 creatures vanquished.

Vanquished Creatures (others)
  A frilled lizard (Lair:3)
  A rat (Lair:3)
  3 bushes (D:8)
  A butterfly (Lair:4)
  14 fungi
  36 plants
  11 toadstools (Lair:1)
  A withered plant (D:7)
68 creatures vanquished.

Grand Total: 449 creatures vanquished

Notes
Turn   | Place    | Note
-------+----------+-------------------------------------------
     0 | D:1      | sleeves the Minotaur Brigand began the quest for the Orb.
     0 | D:1      | Reached XP level 1. HP: 18/18 MP: 0/0
   104 | D:1      | Reached skill level 1 in Armour
   104 | D:1      | Reached XP level 2. HP: 23/25 MP: 1/1
   319 | D:1      | Reached skill level 3 in Fighting
   575 | D:1      | Reached skill level 2 in Dodging
   805 | D:2      | Reached XP level 3. HP: 31/31 MP: 2/2
   882 | D:2      | Noticed Sigmund
   892 | D:2      | HP: 15/31 [frilled lizard (2)]
   905 | D:2      | HP: 11/31 [something/magic dart (5)]
   926 | D:2      | HP: 16/46 [something (4)]
   930 | D:2      | HP: 7/46 [something (8)]
   936 | D:2      | Killed Sigmund
   937 | D:2      | Reached skill level 4 in Fighting
   937 | D:2      | Reached skill level 3 in Armour
   937 | D:2      | Reached skill level 3 in Dodging
   937 | D:2      | Reached XP level 4. HP: 6/41 MP: 3/3
   937 | D:2      | Reached XP level 5. HP: 7/47 MP: 4/4
  2045 | D:3      | Noticed Terence
  2069 | D:3      | Killed Terence
  2220 | D:3      | Identified the ring "Casaappa" {Fire rElec}
  2591 | D:4      | Reached skill level 4 in Armour
  2591 | D:4      | Reached XP level 6. HP: 54/55 MP: 5/5
  2640 | D:4      | Reached skill level 4 in Dodging
  2649 | D:4      | Reached skill level 5 in Fighting
  2649 | D:4      | Reached skill level 1 in Axes
  2675 | D:4      | HP: 28/56 [hobgoblin (4)]
  2896 | D:4      | Reached skill level 2 in Axes
  3268 | D:5      | Entered Level 5 of the Dungeon
  3316 | D:5      | Reached XP level 7. HP: 57/61 MP: 6/6
  3367 | D:5      | Found a glowing drain.
  3455 | Sewer    | Entered a sewer
  3514 | Sewer    | Noticed Pargi
  3525 | Sewer    | Killed Pargi
  3526 | Sewer    | Reached skill level 5 in Armour
  3823 | D:5      | Reached skill level 3 in Axes
  3853 | D:5      | Reached skill level 6 in Fighting
  3853 | D:5      | Reached skill level 5 in Dodging
  4105 | D:5      | Found a broken altar of Ashenzari.
  4189 | D:5      | Found Weamec's Book Boutique.
  4372 | D:5      | Found a blossoming altar of Fedhas.
  4651 | D:5      | Found a shadowy altar of Dithmenos.
  4868 | D:6      | Noticed a seven-headed hydra
  4906 | D:6      | Found a sparkling altar of Nemelex Xobeh.
  4919 | D:6      | Reached skill level 1 in Shields
  4919 | D:6      | Reached XP level 8. HP: 59/70 MP: 7/7
  5178 | D:6      | Found a glowing golden altar of the Shining One.
  5248 | D:6      | HP: 32/71 [seven-headed hydra (11)]
  5248 | D:6      | HP: 11/71 [seven-headed hydra (7)]
  5590 | D:7      | Found a hazy altar of Hepliaklqana.
  5604 | D:7      | Reached skill level 4 in Axes
  5702 | D:6      | Reached skill level 3 in Throwing
  5702 | D:6      | Reached skill level 6 in Armour
  5702 | D:6      | Reached skill level 2 in Shields
  5800 | D:7      | HP: 35/71 [poisoned by an orc wizard]
  5805 | D:7      | HP: 30/71 [poisoned by an orc wizard]
  6002 | D:7      | Found a staircase to the Ecumenical Temple.
  6093 | Temple   | Entered the Ecumenical Temple
  6461 | D:7      | Found a hide-covered altar of Uskayaw.
  6519 | D:7      | Found an ancient bone altar of Kikubaaqudgha.
  6612 | D:7      | Reached skill level 7 in Fighting
  6612 | D:7      | Reached skill level 6 in Dodging
  6612 | D:7      | Reached skill level 3 in Shields
  6673 | D:7      | Found a sacrificial altar of Ru.
  6822 | D:7      | Became a worshipper of Ru the Awakened
  6886 | D:7      | Found a stormy altar of Qazlal.
  6939 | D:7      | Reached skill level 5 in Axes
  6939 | D:7      | Reached XP level 9. HP: 79/79 MP: 8/8
  7248 | D:8      | Reached skill level 4 in Throwing
  7385 | D:8      | Found a runed translucent gate.
  7385 | D:8      | Found a runed translucent gate.
  7387 | D:8      | Found a runed translucent gate.
  7424 | D:8      | Noticed nshep25's ghost (novice DrFE)
  7508 | D:8      | Noticed Pikel
  7523 | D:8      | Killed Pikel
  7524 | D:8      | Reached skill level 7 in Armour
  7524 | D:8      | Reached skill level 4 in Shields
  7566 | D:8      | HP: 40/80 [basilisk (5)]
  7572 | D:8      | HP: 34/80 [basilisk (7)]
  7613 | D:8      | HP: 32/81 [orc warrior/+0 halberd (12)]
  7642 | D:8      | HP: 34/81 [orc/+0 club (5)]
  7866 | D:8      | Reached skill level 6 in Axes
  7866 | D:8      | Reached skill level 7 in Dodging
  7873 | D:8      | Reached skill level 8 in Fighting
  7955 | D:8      | Found a staircase to the Lair.
  7979 | D:8      | Reached skill level 5 in Throwing
  7979 | D:8      | Reached skill level 5 in Shields
  8032 | D:8      | HP: 34/82 [steam dragon (9)]
  8035 | D:8      | Reached XP level 10. HP: 36/90 MP: 9/9
  8039 | D:8      | Reached skill level 8 in Armour
  8622 | D:9      | Reached skill level 7 in Axes
  8712 | D:9      | Found Jenlu's Armour Shop.
  8715 | D:9      | Found a staircase to the Orcish Mines.
  8715 | D:9      | Found Zifik's Weapon Shop.
  8750 | D:9      | HP: 40/90 [yak (6)]
  8773 | D:9      | HP: 33/90 [yak (3)]
  8779 | D:9      | Reached skill level 9 in Fighting
  9051 | D:9      | Reached skill level 8 in Dodging
  9116 | D:9      | Reached skill level 6 in Throwing
  9133 | D:9      | HP: 44/91 [yak (5)]
  9138 | D:9      | Reached skill level 9 in Armour
  9771 | D:9      | HP: 43/91 [troll (15)]
 10238 | D:9      | Found a burning altar of Makhleb.
 10238 | D:9      | Noticed a balrug
 10271 | D:10     | Entered Level 10 of the Dungeon
 10284 | D:10     | HP: 44/91 [vampire (5)]
 10289 | D:10     | HP: 33/91 [something (5)]
 10293 | D:10     | Reached skill level 8 in Axes
 10833 | D:10     | HP: 42/92 [poisoned by a hornet]
 10834 | D:10     | Reached XP level 11. HP: 45/99 MP: 10/10
 10838 | D:10     | HP: 35/99 [poisoned by a hornet]
 11248 | D:10     | Found a white marble altar of Elyvilon.
 12180 | D:11     | HP: 48/99 [cyclops (18)]
 12188 | D:11     | HP: 28/99 [cyclops (4)]
 12191 | D:11     | Reached skill level 10 in Fighting
 12500 | D:11     | Reached skill level 7 in Throwing
 12500 | D:11     | Reached skill level 9 in Dodging
 12687 | D:11     | Noticed a boulder beetle
 12811 | Orc:1    | Entered Level 1 of the Orcish Mines
 12811 | Orc:1    | Noticed an orc warlord
 12811 | Orc:1    | Noticed an orc sorcerer
 12871 | Lair:1   | Entered Level 1 of the Lair of Beasts
 12912 | D:8      | HP: 48/100 [blink frog (6)]
 13190 | Lair:1   | Reached skill level 10 in Armour
 13199 | Lair:1   | Reached skill level 9 in Axes
 13296 | Lair:1   | HP: 48/101 [yak (13)]
 13554 | Lair:1   | Noticed a four-headed hydra
 13564 | Lair:1   | Killed a four-headed hydra
 14611 | Lair:1   | Found a blossoming altar of Fedhas.
 14631 | Lair:1   | Noticed an oklob plant
 14823 | Lair:1   | Reached skill level 11 in Fighting
 14823 | Lair:1   | Reached skill level 8 in Throwing
 15052 | Lair:2   | Reached XP level 12. HP: 93/110 MP: 11/11
 15073 | Lair:2   | Reached skill level 10 in Dodging
 15308 | Lair:2   | Reached skill level 10 in Axes
 15643 | Lair:2   | Reached skill level 11 in Armour
 16760 | Lair:3   | Found a transporter.
 16780 | Lair:3   | Gained mutation: You are hated by all. [Ru sacrifice]
 16780 | Lair:3   | Reached * piety under Ru
 16780 | Lair:3   | Reached ** piety under Ru
 16787 | Lair:3   | Found a transporter.
 16790 | Lair:3   | Noticed dang3rdave's ghost (journeyman DsCA)
 17182 | Lair:3   | Found a staircase to the Shoals.
 17409 | Lair:3   | Noticed a seven-headed hydra
 17416 | Lair:3   | Killed a seven-headed hydra
 17627 | Lair:3   | HP: 55/112 [poisoned by a cane toad]
 17630 | Lair:3   | Reached skill level 9 in Throwing
 17632 | Lair:3   | HP: 38/112 [poisoned by a cane toad]
 17637 | Lair:3   | HP: 34/112 [poisoned by a cane toad]
 17986 | Lair:3   | Reached skill level 12 in Fighting
 18295 | Lair:3   | Found a staircase to the Snake Pit.
 18368 | Lair:3   | HP: 46/112 [komodo dragon (18)]
 18375 | Lair:3   | HP: 43/112 [iguana (5)]
 18857 | Lair:3   | Reached skill level 11 in Axes
 18887 | Lair:3   | Reached skill level 11 in Dodging
 19362 | Lair:4   | Identified the +3 shortbow "Grim Tooth" {freeze, Str+8
                  | SInv}
 19487 | Lair:4   | Reached skill level 12 in Armour
 19514 | Lair:4   | HP: 52/113 [elephant (13)]
 19519 | Lair:4   | Reached XP level 13. HP: 56/119 MP: 12/12
 19524 | Lair:4   | HP: 51/119 [elephant (6)]
 19888 | Lair:4   | Found a gate leading to a gauntlet.
 19911 | Gauntlet | Entered a Gauntlet
 19911 | Gauntlet | Found a transporter.
 19911 | Gauntlet | Found a transporter.
 19915 | Gauntlet | Found a transporter.
 19915 | Gauntlet | Found a transporter.
 19935 | Gauntlet | Found a transporter.
 19935 | Gauntlet | Found a transporter.
 19949 | Gauntlet | Found a transporter.
 19963 | Gauntlet | Found a transporter.
 19984 | Gauntlet | Found a transporter.
 20031 | Gauntlet | Found a transporter.
 20045 | Gauntlet | Found a transporter.
 20058 | Gauntlet | Found a transporter.
 20132 | Gauntlet | Found a transporter.
 20145 | Gauntlet | Found a transporter.
 20159 | Gauntlet | Found a transporter.
 20172 | Gauntlet | Found a transporter.
 20359 | Gauntlet | Noticed a broodmother
 20394 | Gauntlet | HP: 48/119 [wolf spider[a broodmother] (14)]
 20407 | Gauntlet | HP: 51/178 [broodmother (shapeshifter) (9)]
 20408 | Gauntlet | Killed a broodmother
 20412 | Gauntlet | HP: 39/178 [harpy (shapeshifter) (12)]
 20801 | Gauntlet | Identified the ring "Medottio" {Wiz rC- Slay+2 SInv}
 20811 | Gauntlet | HP: 54/119 [something (12)]
 20811 | Gauntlet | HP: 16/119 [something (12)]
 20816 | Gauntlet | HP: 27/119 [something (14)]
 20816 | Gauntlet | HP: 7/119 [something (11)]
 20822 | Gauntlet | HP: 25/119 [something (2)]
 20822 | Gauntlet | Slain by an apocalypse crab

Illustrated notes

Levels and vault maps discovered:
D:1:      dpeg_arrival_shrine, layout_loops_ring, nrook_mini_backslash
D:2:      layout_basic, minmay_door_square, uniq_sigmund
D:3:      layout_rooms, kennysheep_big_empty_room, uniq_terence
D:4:      layout_rooms, minivault_23
D:5:      layout_loops_corners, mainiacjoe_overflow_surrounded_room,
          grunt_dithmenos_shadows, amcnicky_altar_gilded, portal_sewer_entry_f,
          serial_shops, kennysheep_mini
D:6:      layout_basic, lemuel_doored_altar, lemuel_crystal_altar,
          hellmonk_ghost_happy_afterlife, corexii_leaking_fountain,
          minmay_pentangle
D:7:      layout_loops_cross, mainiacjoe_overflow_chevrons,
          nicolae_hepliaklqana_hazy_memory, mainiacjoe_overflow_small_starburst,
          kiku_gazebo_garden_becter, nicolae_uskayaw_murder_on_the_dancefloor,
          minmay_temple_entry_arrows
D:8:      layout_basic, minmay_lair_entry_grove, ebering_ghost_rock_garden,
          uniq_pikel
D:9:      layout_loops_ring, makhleb_altar_promises_db, orc_david_3
D:10:     layout_loops_ring, marbit_many_paths, minmay_unpleasant_kobolds
D:11:     minmay_slanted_spiral_squares, layout_loops_corners,
          minmay_misc_feat_plants, grunt_ogre_cave, kennysheep_doodads
Temple:   dpeg_chambers_temple
Lair:1:   layout_regular_city, roderic_batcave, tgw_fedhas
Lair:2:   layout_cave_pods, grunt_megastairs_2
Lair:3:   lemuel_reptile_caves, layout_regular_city, elwin_shoals_entry_rooms,
          dummy_snake_entry, gammafunk_ghost_berserking_beasts,
          kennysheep_abandoned_house
Lair:4:   layout_regular_city, gauntlet_entry_generic, lemuel_fruit_fields
Orc:1:    layout_diamond_mine, serial_shops, nicolae_shop_behind_doors
Gauntlet: gammafunk_gauntlet_branching [gammafunk_gauntlet_arena_teeth,
          gammafunk_gauntlet_arena_split_diamond,
          nicolae_gauntlet_arena_quarters, gammafunk_gauntlet_arena_spirals,
          nicolae_gauntlet_arena_flowing_pool, gammafunk_gauntlet_arena_mazey,
          gammafunk_gauntlet_arena_corners, nicolae_gauntlet_arena_x,
          gauntlet_exit_watery]

Skill      XL: |  1  2  3  4  5  6  7  8  9 10 11 12 |
---------------+-------------------------------------+-----
Armour         | 1 3 4 5 6 7 9 10 12 | 12.2
Fighting       | 3 4 5 6 7 8 9 11 12 | 12.6
Dodging        | 2 3 4 5 6 7 8 9 11 | 11.3
Axes           | 2 3 5 6 8 9 11 | 11.5
Shields        | 1 3 5 |  5.0
Throwing       | 3 5 6 8 9 |  9.6
Short Blades   | |  2.1
Stealth        | |  3.2

Action                   |  1- 3 |  4- 6 |  7- 9 | 10-12 | 13-15 || total
-------------------------+-------+-------+-------+-------+-------++-------
Melee: Dagger            |    54 |    82 |       |       |       ||   136
       Headbutt          |     7 |    20 |    49 |   228 |    17 ||   321
       Hand axe          |       |    49 |   257 |    48 |       ||   354
       Punch             |       |     3 |       |       |       ||     3
       Whip              |       |       |       |   899 |    80 ||   979
       Unarmed           |       |       |       |       |     4 ||     4
Throw: Dart              |       |       |    23 |    29 |    12 ||    64
       Javelin           |       |       |     7 |       |       ||     7
       Boomerang         |       |       |       |    83 |       ||    83
Invok: Reject Sacrifices |       |       |       |     1 |     1 ||     2
       Sacrifice Love    |       |       |       |     1 |       ||     1
Evoke: Wand              |       |       |       |     4 |     8 ||    12
       Phial of floods   |       |       |       |       |     1 ||     1
  Use: Potion            |     1 |       |       |     1 |    13 ||    15
       Scroll            |       |       |     3 |    11 |     4 ||    18
 Stab: Sleeping          |     6 |     4 |     1 |     1 |       ||    12
       Distracted        |       |       |     1 |     1 |     1 ||     3
       Paralysed         |       |       |       |    11 |       ||    11
Armor: Robe              |     4 |       |       |       |       ||     4
       Ring mail         |       |    59 |    71 |     6 |       ||   136
       Steam dragon scal |       |       |       |   130 |       ||   130
       Chain mail        |       |       |       |    82 |    14 ||    96
       Skin              |       |       |       |       |    26 ||    26
Dodge: Dodged            |    34 |    74 |   142 |   472 |    45 ||   767
Block: Other             |       |     6 |    20 |       |     2 ||    28
       Buckler           |       |       |    80 |   424 |    40 ||   544
       Reflection        |       |       |     1 |     4 |       ||     5
